AoeStats
← NoFanMePlz

Arabia

510098163Analyzed
1v1 RM · 1d ago on Sep 29, 2026· 19m 15s· 2 players
Game mode
Random Map
Map size
Tiny (2 player)
Population
200
Speed
Normal
Resources
Standard
Victory
Conquest
Starting age
Dark Age
Ending age
Imperial Age
RankedLock teamsTeams togetherTeam positionsShared explorationLock speedFull tech treeHidden civsTurbo modeCheats
Victory
Defeat
🇦🇷 Vietnamese · Argentina
830
+17
🇨🇦 Byzantines · Canada
851
-17
NoFanMePlz
10:28 Feudal Age
11:18 Double-Bit Axe
16:54 Fletching
17:05 Padded Archer Armor
CivArtagen
0:26 Loom
5:43 Loom
9:20 Feudal Age
9:50 Double-Bit Axe
16:25 Fletching
Connection lost

Rejoining the realm…

Still unreachable

The connection could not be restored.

Session expired

The server has moved on; the page needs a fresh start.